 Dungeon Crawl Stone Soup version 0.20.1-1-g8b1a95d (webtiles) character file.

353 equalderp2856 the Shield-Bearer (level 6, -1/53 HPs)
             Began as a Minotaur Fighter on Oct 1, 2017.
             Slain by a centaur (7 damage)
             ... on level 4 of the Dungeon.
             The game lasted 00:03:00 (2438 turns).

equalderp2856 the Shield-Bearer (Minotaur Fighter)  Turns: 2438, Time: 00:03:06

Health: -1/53      AC:  7    Str: 21    XL:     6   Next: 35%
Magic:  5/5        EV:  8    Int:  6    God:
Gold:   246        SH: 10    Dex: 10    Spells: 5/5 levels left

rFire    . . .     SeeInvis .   a - +0 war axe
rCold    . . .     Gourm    .   c - +0 shield
rNeg     . . .     Faith    .   b - +0 scale mail
rPois    .         Spirit   .   (helmet restricted)
rElec    .         Reflect  .   (no cloak)
rCorr    .         Harm     .   (no gloves)
MR       .....                  (no boots)
Stlth    ..........             (no amulet)
Regen    0.2/turn               (no ring)
MPRegen  0.1/turn               (no ring)

@: no status effects
A: retaliatory headbutt, horns 2
a: no special abilities


You were on level 4 of the Dungeon.
You were very hungry.

You visited 1 branch of the dungeon, and saw 4 of its levels.

You collected 246 gold pieces.

Inventory:

Hand Weapons
 a - a +0 war axe (weapon)
Armour
 b - a +0 scale mail (worn)
 c - a +0 shield (worn)
Jewellery
 y - an uncursed amulet of harm {unknown}
Wands
 x - a wand of confusion (41/48)
Scrolls
 i - 6 scrolls of identify {unknown}
 k - a scroll of random uselessness {unknown}
 m - 7 scrolls of teleportation {unknown}
 n - 2 scrolls of remove curse {unknown}
 p - a scroll of amnesia {unknown}
 r - 2 scrolls of fear {unknown}
 u - a scroll of enchant armour {unknown}
 w - 2 scrolls of enchant weapon {unknown}
Potions
 d - a potion of might
 e - 2 potions of berserk rage {unknown}
 g - 3 potions of curing {unknown}
 l - a potion of brilliance {unknown}
 s - 2 potions of haste {unknown}
 t - a potion of invisibility {unknown}
Books
 q - a book of Callings

   Spells                             Type                      Level
   a - Summon Small Mammal            Summoning                    1
   b - Call Imp                       Summoning                    2
   c - Call Canine Familiar           Summoning                    3
   d - Summon Guardian Golem          Hexes/Summoning              3
   e - Summon Lightning Spire         Summoning/Air                4
   f - Summon Ice Beast               Ice/Summoning                4
 v - a book of Minor Magic

   Spells                             Type                      Level
   a - Magic Dart                     Conjuration                  1
   b - Blink                          Translocation                2
   c - Call Imp                       Summoning                    2
   d - Slow                           Hexes                        2
   e - Conjure Flame                  Conjuration/Fire             3
   f - Mephitic Cloud                 Conjuration/Poison/Air       3
Comestibles
 f - 2 bread rations
 h - 5 meat rations
 j - 2 royal jellies
 o - 5 fruits


   Skills:
 + Level 4.7 Fighting
 + Level 5.0 Axes
 + Level 5.0 Armour
 + Level 1.8 Dodging
 + Level 5.2 Shields


You had 5 spell levels left.
You didn't know any spells.

Dungeon Overview and Level Annotations

Branches:
Dungeon (4/15)
 Temple: D:4-7

Altars:
Gozag
Nemelex Xobeh
The Shining One

Annotations:
D:3 tmwrnj's ghost, amateur HOFi


Innate Abilities, Weirdness & Mutations

You reflexively headbutt those who attack you in melee.
You have a pair of horns on your head.


Message History

You are too injured to fight recklessly!
You are too injured to fight recklessly!
You are too injured to fight recklessly!
You are too injured to fight recklessly!
You are too injured to fight recklessly!
You are too injured to fight recklessly!
The centaur unwields an uncursed shortbow.
The centaur completely misses you.
You hit the centaur.
The centaur is lightly wounded.
The centaur hits you but does no damage.
The centaur hits you!
* * * LOW HITPOINT WARNING * * *
Your shield and scale mail prevent you from hitting the centaur.
Your headbutt misses the centaur.
The centaur is lightly wounded.
The centaur hits you!
* * * LOW HITPOINT WARNING * * *
The centaur hits you!
You die...

#........)##'###..#.....
#.......[.'...##..#####.
#.........#...........##
#.........#.............
#.........######........
#..............#........
#..............#..##..##
#....(.........#+###..##
#.....c@.......#........
#<......(((....#........
#..............#........
####...........(..#####..##
#..##'##########(...###'###
#..............#....#.....#
#..............#...>#.....#
#..............#....#.....#
#..............#....#.>...#


You could see a centaur.

Vanquished Creatures
  An ogre (D:4)
  A scorpion (D:4)
  An orc wizard (D:3)
  2 worker ants (D:4)
  A hound skeleton (D:4)
  5 adders
  An ooze (D:4)
  2 worms
  8 orcs
  6 bats
  2 giant cockroaches
  6 goblins
  5 hobgoblins
  8 jackals
  4 quokkas
  5 frilled lizards
  A jackal skeleton (D:3)
  5 kobolds
  8 rats
72 creatures vanquished.

Notes
Turn   | Place    | Note
-------+----------+-------------------------------------------
     0 | D:1      | equalderp2856 the Minotaur Fighter began the quest for the Orb.
     0 | D:1      | Reached XP level 1. HP: 19/19 MP: 0/0
   213 | D:1      | Reached XP level 2. HP: 24/27 MP: 1/1
   526 | D:2      | Reached XP level 3. HP: 28/33 MP: 2/2
   905 | D:3      | Noticed tmwrnj's ghost (amateur HOFi)
  1164 | D:3      | Reached XP level 4. HP: 39/40 MP: 3/3
  1216 | D:3      | Reached skill level 1 in Dodging
  1382 | D:3      | Found a glowing golden altar of the Shining One.
  1428 | D:3      | Reached XP level 5. HP: 47/47 MP: 4/4
  1632 | D:4      | Noticed an ogre
  1638 | D:4      | Killed an ogre
  1638 | D:4      | Reached skill level 5 in Shields
  1747 | D:4      | Found an opulent altar of Gozag.
  2164 | D:4      | Found a sparkling altar of Nemelex Xobeh.
  2266 | D:4      | Reached XP level 6. HP: 53/53 MP: 5/5
  2300 | D:4      | Reached skill level 5 in Axes
  2300 | D:4      | Reached skill level 5 in Armour
  2438 | D:4      | Slain by a centaur

Skill      XL: |  1  2  3  4  5  6 |
---------------+-------------------+-----
Shields        | 4 5 |  5.2
Armour         | 4 5 |  5.0
Fighting       | 4 |  4.7
Axes           | 3 4 5 |  5.0
Dodging        | 1 |  1.8

Action                   |  1- 3 |  4- 6 || total
-------------------------+-------+-------++-------
Melee: War axe           |   103 |    71 ||   174
       Headbutt          |    17 |    11 ||    28
  Eat: Chunk             |       |     4 ||     4
Armor: Scale mail        |    61 |    30 ||    91
Dodge: Dodged            |    31 |    32 ||    63
Block: Shield            |    66 |    32 ||    98
